Map: Ruins of Seras

Players

MonkeyDLuffy

  • Race: Zerg Zerg
  • League: Platinum

ImotoFantasy - Winner!

  • Race: Protoss Protoss
  • League: Platinum

VOD

Have the link to the VOD?

Description

Time

  • Played on: Oct. 30, 2015, 11:17 p.m.
  • Length: 12:16
Show
View Real Time Build Order
Export as new Build Order

MonkeyDLuffy Zerg 

Build Orders: Hatch First 

Get SALT Encoding   

  12  0:01  Drone  
  13  0:13  Overlord  
  13  0:19  Drone  
  14  0:31  Drone x2  
  16  0:40  Drone  
  17  0:53  Hatchery  
  17  0:57  Drone  
  17  1:04  Drone  
  18  1:14  Spawning Pool  
  18  1:16  Drone  
  18  1:40  Hatchery  
  18  1:43  Drone  
  18  1:44  Drone  
  19  2:01  Drone, Queen  
  20  2:02  Zergling x2, Extractor  
  22  2:09  Queen  
  24  2:19  Drone x3  
  27  2:25  Overlord  
  27  2:38  Drone  
  27  2:43  Queen  
  30  2:49  Queen  
  30  2:50  Drone  
  33  2:56  Overlord  
  33  3:02  Metabolic Boost  
  33  3:08  Queen  
  35  3:13  Drone  
  35  3:15  Drone  
  35  3:17  Drone  
  38  3:20  Drone  
  39  3:28  Drone x3  
  43  3:34  Zergling x4  
  43  3:39  Drone x3  
  47  3:55  Lair, Drone x3  
  50  4:00  Extractor  
  49  4:05  Zergling x2  
  49  4:09  Overlord x2  
  50  4:20  Overlord  
  50  4:29  Spore Crawler  
  49  4:33  Drone x12, Spore Crawler  
  49  4:36  Spore Crawler  
  59  4:40  Drone x2  
  59  4:41  Extractor  
  59  4:44  Extractor  
  59  4:47  Drone x3  
  59  4:51  Overlord  
  62  4:54  Overlord  
  61  5:14  Drone x13  
  74  5:29  Hydralisk Den  
  72  5:45  Overlord x5  
  72  6:00  Spore Crawler  
  72  6:01  Roach Warren, Extractor  
  72  6:02  Extractor  
  72  6:03  Evolution Chamber  
  67  6:04  Muscular Augments  
  67  6:05  Evolution Chamber  
  66  6:11  Drone x8  
  66  6:12  Drone x3  
  66  6:13  Overlord x2  
  77  6:30  Zerg Missile Weapons Level 1  
  77  6:31  Zerg Ground Armor Level 1  
  77  6:32  Hydralisk x9  
  93  6:41  Glial Reconstitution  
  93  6:45  Roach x3  
  99  6:51  Overlord  
  99  6:52  Overlord x2  
  99  6:55  Hatchery  
  94  7:14  Roach x9  
  112  7:19  Lurker Den  
  112  7:32  Hydralisk x4  
  112  7:35  Ravager  
  121  7:37  Overlord x3  
  121  7:44  Overlord  
  121  7:51  Overlord x2  
  121  8:01  Hydralisk x5  
  127  8:12  Spire  
  118  8:13  Drone x9  
  118  8:15  Infestation Pit  
  126  8:25  Ravager x7  
  133  8:30  Roach x5  
  143  8:35  Extractor  
  143  8:37  Extractor  
  124  8:52  Hydralisk  
  124  8:53  Hydralisk x7  
  122  9:01  Hatchery  
  116  9:03  Hive  
  114  9:14  Zerg Missile Weapons Level 2  
  114  9:22  Drone x9  
  114  9:24  Hydralisk x5  
  133  9:32  Pneumatized Carapace  
  133  9:33  Drone x7  
  133  9:54  Spire  
  111  10:01  Hydralisk x10  
  114  10:10  Hydralisk x3  
  105  10:30  Ravager x3, Hydralisk Den  
  105  10:31  Ravager  
  64  11:11  Queen x4  
  64  11:12  Hydralisk x8  
  88  11:21  Hydralisk x2  
  88  11:22  Hydralisk  
  94  11:32  Hydralisk x3  
  100  11:46  Hydralisk x5  
  107  11:58  Spore Crawler  
  107  11:59  Spore Crawler  
  107  12:00  Spore Crawler  
  85  12:02  Spore Crawler  
Show
View Real Time Build Order
Export as new Build Order

ImotoFantasy Protoss - Winner!

Build Orders: Nexus First, Phoenix Opening 

Get SALT Encoding   

  12  0:01  Probe (Chrono Boost)  
  13  0:12  Probe (Chrono Boost)  
  14  0:23  Pylon  
  14  0:24  Probe (Chrono Boost)  
  15  0:41  Probe (Chrono Boost)  
  16  0:51  Probe (Chrono Boost)  
  17  1:04  Nexus  
  17  1:06  Probe (Chrono Boost)  
  18  1:17  Probe (Chrono Boost)  
  19  1:22  Gateway  
  19  1:28  Probe (Chrono Boost)  
  19  1:29  Assimilator  
  20  1:35  Assimilator  
  20  1:38  Probe (Chrono Boost)  
  21  1:44  Pylon  
  21  1:49  Probe (Chrono Boost)  
  22  1:59  Probe (Chrono Boost)  
  23  2:10  Cybernetics Core, Probe (Chrono Boost)  
  23  2:13  Zealot  
  26  2:16  Probe (Chrono Boost)  
  27  2:24  Probe (Chrono Boost)  
  27  2:27  Probe (Chrono Boost)  
  29  2:36  Probe (Chrono Boost)  
  30  2:38  Pylon  
  30  2:43  Probe (Chrono Boost)  
  31  2:47  Mothership Core (Chrono Boost)  
  31  2:48  Warp Gate  
  33  2:53  Probe (Chrono Boost)  
  34  3:04  Probe (Chrono Boost)  
  35  3:06  Probe (Chrono Boost)  
  35  3:11  Stargate  
  36  3:16  Probe (Chrono Boost)  
  36  3:19  Probe (Chrono Boost)  
  38  3:21  Assimilator  
  38  3:26  Probe (Chrono Boost)  
  39  3:30  Probe (Chrono Boost)  
  39  3:33  Nexus  
  40  3:36  Pylon  
  40  3:37  Probe (Chrono Boost)  
  40  3:40  Probe (Chrono Boost)  
  42  3:46  Pylon  
  42  3:48  Probe (Chrono Boost)  
  43  3:51  Probe (Chrono Boost)  
  44  3:56  Phoenix (Chrono Boost)  
  44  3:57  Assimilator  
  44  3:58  Probe  
  44  4:02  Probe  
  48  4:08  Probe  
  48  4:14  Probe  
  48  4:15  Fleet Beacon  
  50  4:18  Phoenix (Chrono Boost)  
  50  4:19  Probe  
  53  4:26  Probe  
  53  4:28  Forge  
  53  4:29  Probe  
  55  4:38  Probe  
  56  4:40  Phoenix (Chrono Boost)  
  58  4:46  Probe x2  
  58  4:51  Probe  
  61  4:54  Stargate  
  61  4:55  Pylon  
  60  5:13  Probe  
  61  5:14  Probe, Phoenix (Chrono Boost)  
  61  5:17  Pylon  
  61  5:19  Photon Cannon  
  58  5:33  Protoss Air Weapons Level 1  
  64  5:42  Probe  
  63  5:43  Probe x2  
  63  5:44  Carrier (Chrono Boost)  
  63  5:45  Carrier (Chrono Boost)  
  72  5:51  Photon Cannon  
  72  5:53  Probe  
  72  5:55  Probe x2  
  75  6:01  Stargate  
  75  6:05  Probe  
  75  6:07  Probe x2  
  78  6:12  Assimilator  
  78  6:15  Assimilator  
  79  6:25  Probe x2  
  80  6:35  Probe  
  80  6:37  Probe  
  80  6:38  Probe  
  80  6:39  Photon Cannon  
  83  6:40  Photon Cannon  
  83  6:42  Photon Cannon  
  83  6:44  Photon Cannon  
  89  6:49  Probe  
  89  6:50  Probe x2  
  89  6:51  Carrier (Chrono Boost)  
  96  7:11  Photon Cannon, Carrier (Chrono Boost)  
  96  7:14  Photon Cannon  
  96  7:22  Photon Cannon  
  96  7:23  Graviton Catapult, Photon Cannon  
  96  7:25  Photon Cannon  
  96  7:27  Photon Cannon  
  96  7:36  Pylon  
  96  7:39  Pylon  
  96  7:55  Carrier (Chrono Boost)  
  106  8:06  Carrier (Chrono Boost)  
  106  8:21  Pylon  
  106  8:22  Protoss Air Weapons Level 2  
  112  8:30  Stargate  
  112  8:32  Photon Cannon  
  112  8:36  Pylon  
  112  8:37  Carrier (Chrono Boost)  
  112  9:09  Carrier (Chrono Boost)  
  118  9:22  Photon Cannon  
  118  9:23  Photon Cannon  
  124  9:30  Carrier (Chrono Boost)  
  124  9:33  Carrier (Chrono Boost)  
  124  9:34  Nexus  
  124  9:35  Pylon  
  124  9:37  Pylon  
  130  9:40  Pylon  
  130  9:45  Pylon  
  130  9:48  Assimilator  
  130  9:53  Assimilator  
  130  10:05  Carrier (Chrono Boost)  
  124  10:24  Carrier (Chrono Boost)  
  130  10:38  Photon Cannon  
  130  10:40  Photon Cannon  
  130  10:42  Photon Cannon  
  130  10:46  Photon Cannon  
  130  10:48  Carrier (Chrono Boost)  
  130  10:49  Photon Cannon  
  136  10:55  Carrier (Chrono Boost)  
  136  11:11  Probe  
  136  11:12  Probe  
  136  11:13  Probe x2  
  140  11:25  Probe x2  
Tags
 
Add a new tag
Caveats
  • Supply blocks, unpowered buildings, or Contaminate may cause inaccurate times.
  • Supply counts are checked every 10 seconds.